 Dungeon Crawl Stone Soup version 0.20.1-1-g8b1a95d (webtiles) character file.

318738 RKaid the Lord of Darkness (level 20, -9/164 HPs)
             Began as a Mummy Necromancer on July 16, 2017.
             Was the Champion of Kikubaaqudgha.
             Hit by a large rock thrown by a stone giant (35 damage)
             ... on level 3 of the Vaults on July 21, 2017.
             The game lasted 07:48:14 (84827 turns).

RKaid the Lord of Darkness (Mummy Necromancer)     Turns: 84827, Time: 07:48:14

Health: -9/164     AC: 24    Str: 14    XL:     20   Next: 58%
Magic:  23/35      EV: 14    Int: 25    God:    Kikubaaqudgha [******]
Gold:   2813       SH: 13    Dex: 11    Spells: 6/41 levels left

rFire    . . .     SeeInvis .   a - +8 morningstar "Sishrut" {elec, MR+}
rCold    + . .     Gourm    .   t - +1 shield {reflect}
rNeg     + + +     Faith    .   B - quicksilver dragon scales {MR+}
rPois    ∞         Spirit   .   E - +2 helmet {Int+3}
rElec    .         Reflect  +   Y - +0 cloak
rCorr    .         Harm     .   p - +2 pair of gloves
MR       ++++.                  O - +2 pair of boots {run}
Stlth    +.........             (no amulet)
Regen    0.4/turn               L - ring of protection from fire {rF+}
MPRegen  0.3/turn               G - ring of the Evening {rPois Str+3 Dex-3 Slay+4}

@: quick
A: no food or potions, fire vulnerability, cold resistance 1, negative energy
resistance 3, torment resistance, unbreathing, in touch with death 1
}: 2/15 runes: decaying, gossamer
a: Receive Corpses, Torment, Brand Weapon With Pain, Receive Necronomicon,
Renounce Religion


You were on level 3 of the Vaults.
You worshipped Kikubaaqudgha.
Kikubaaqudgha was exalted by your worship.
You were not hungry.

You visited 8 branches of the dungeon, and saw 38 of its levels.

You collected 4248 gold pieces.
You spent 1435 gold pieces at shops.

Inventory:

Hand Weapons
 a - the +8 morningstar "Sishrut" (weapon) {elec, MR+}
   (You found it on level 5 of the Lair of Beasts)

   Occasionally, upon striking a foe, it will discharge some electrical energy
   and cause terrible harm.
   It affects your resistance to hostile enchantments.
 q - a +4 blowgun
   (You took it off Sonja on level 4 of the Lair of Beasts)
 S - the +7 hunting sling of Vodka {velocity, -Tele rElec rPois Str+4 Int+3}
   (You found it on level 3 of the Vaults)

   Any stone fired from it inflicts extra damage.
   It affects your strength (+4).
   It affects your intelligence (+3).
   It insulates you from electricity.
   It protects you from poison.
   It prevents most forms of teleportation.
 T - the +6 dagger of Poverty {flame, +Fly Int+5}
   (You bought it in a shop on level 2 of the Orcish Mines)

   It has been specially enchanted to burn those struck by it, causing extra
   injury to most foes and up to half again as much damage against particularly
   susceptible opponents.
   It affects your intelligence (+5).
   It lets you fly.
Missiles
 j - 48 poisoned needles
 l - 11 curare-tipped needles
 Q - 14 javelins (quivered)
Armour
 p - a +2 pair of gloves (worn)
   (You found it on level 3 of the Dungeon)
 t - a +1 shield of reflection (worn)
   (You took it off Donald on level 4 of the Swamp)
 B - quicksilver dragon scales (worn) {MR+}
   (You found it on level 4 of the Swamp)
 D - +0 swamp dragon scales {rPois}
   (You found it on level 4 of the Swamp)
 E - a +2 helmet of intelligence (worn)
   (You bought it in a shop on level 7 of the Dungeon)
 I - +0 ice dragon scales {rC++, rF-}
   (You found it on level 2 of the Vaults)
 O - a +2 pair of boots of running (worn)
   (You acquired it on level 6 of the Lair of Beasts)
 X - the +4 large shield of Gaqil {Str+4}
   (You found it on level 2 of the Vaults)

   It affects your strength (+4).
 Y - a +0 cloak (worn)
   (You found it on level 4 of the Swamp)
Magical Staves
 b - an uncursed staff of death {rN+}
   (You found it on level 6 of the Lair of Beasts)
 r - an uncursed staff of wizardry {wiz+, !a}
   (You found it on level 1 of the Lair of Beasts)
Jewellery
 g - the ring "Laqaatsi" {MR+ MP+9}
   (You found it on level 1 of the Vaults)

   [ring of magical power]

   It affects your resistance to hostile enchantments.
   It affects your magic capacity (+9).
 m - an uncursed ring of protection from cold {rC+}
   (You took it off a vault sentinel on level 1 of the Vaults)
 G - the ring of the Evening (right hand) {rPois Str+3 Dex-3 Slay+4}
   (You found it on level 9 of the Dungeon)

   [ring of poison resistance]

   It affects your strength (+3).
   It affects your dexterity (-3).
   It affects your accuracy and damage with ranged weapons and melee attacks
   (+4).
   It protects you from poison.
 H - an uncursed ring of protection from fire {rF+}
   (You found it on level 3 of the Lair of Beasts)
 K - a +4 ring of evasion
   (You found it on level 10 of the Dungeon)
 L - a ring of protection from fire (left hand) {rF+}
   (You took it off a kobold on level 7 of the Dungeon)
Wands
 d - a wand of lightning (0/15)
   (You found it on level 1 of the Spider Nest)
 n - a wand of enslavement (10/24)
   (You found it on level 7 of the Dungeon)
 s - a wand of iceblast (8/15)
   (You found it on level 3 of the Elven Halls)
 w - a wand of paralysis (21/24)
   (You found it on level 1 of the Vaults)
 x - a wand of polymorph (13/24)
   (You found it on level 1 of the Lair of Beasts)
 A - a wand of acid (5/15)
   (You found it on level 6 of the Lair of Beasts)
 C - a wand of clouds (2/9)
   (You took it off Ijyb on level 3 of the Dungeon)
 N - a wand of iceblast (2/15)
   (You found it on level 6 of the Lair of Beasts)
 U - a wand of acid (7/15)
   (You took it off a deep elf mage on level 1 of the Elven Halls)
 V - a wand of confusion (20/48)
   (You found it on level 13 of the Dungeon)
Scrolls
 c - a scroll of magic mapping {!r}
 f - 5 scrolls of enchant armour
 h - 6 scrolls of enchant weapon
 i - 6 scrolls of identify
 k - 3 scrolls of recharging
 o - 12 scrolls of remove curse
 v - 4 scrolls of vulnerability {!r!r}
 y - 2 scrolls of teleportation
 z - a scroll of blinking {!r}
 F - a scroll of fog
 J - 4 scrolls of immolation {!r}
 M - a scroll of brand weapon
 W - a scroll of silence
Miscellaneous
 P - a fan of gales
   (You found it on level 2 of the Spider Nest)
 R - a lightning rod (4/4)
   (You found it on level 12 of the Dungeon)


   Skills:
 - Level 16.0 Fighting
 - Level 9.0 Maces & Flails
 + Level 9.1 Armour
 - Level 8.0 Dodging
 - Level 1.5 Stealth
 + Level 12.5 Shields
 - Level 11.1 Spellcasting
 - Level 3.0 Hexes
 + Level 16.7 Necromancy
 - Level 2.0 Translocations
 - Level 14.3 Ice Magic
 - Level 5.0 Evocations


You had 6 spell levels left.
You knew the following spells:

 Your Spells              Type           Power        Failure   Level  Hunger
a - Pain                  Necr           ####         0%          1    N/A
b - Vampiric Draining     Necr           #######...   1%          3    N/A
c - Agony                 Necr           #######.     1%          5    N/A
d - Animate Dead          Necr           N/A          1%          4    N/A
e - Control Undead        Necr           #######...   1%          4    N/A
f - Dispel Undead         Necr           #######.     1%          5    N/A
g - Cause Fear            Hex            ####......   30%         4    N/A
A - Simulacrum            Ice/Necr       #######...   2%          6    N/A
B - Blink                 Tloc           N/A          7%          2    N/A
C - Animate Skeleton      Necr           N/A          0%          1    N/A

Dungeon Overview and Level Annotations

Branches:
Dungeon (15/15)            Temple (1/1) D:6            Lair (6/6) D:8
  Swamp (4/4) Lair:2       Spider (4/4) Lair:3        Slime (0/5) Lair:6
    Orc (2/2) D:12            Elf (3/3) Orc:2        Vaults (3/5) D:13
 Depths (0/5) D:15
  Crypt: Vaults:2-3

Altars:
Ashenzari
Cheibriados
Dithmenos
Elyvilon
Fedhas
Gozag
Hepliaklqana
Kikubaaqudgha
Makhleb
Nemelex Xobeh
Okawaru
Qazlal
Ru
Sif Muna
Trog
Uskayaw
Vehumet
Xom
Yredelemnul
Zin
The Shining One
Beogh
Jiyva
Lugonu

Shops:
D:7 [   D:13 [   D:15 *   Orc:1 [   Orc:2 *(%(%   Elf:1 !   Elf:2 :
Vaults:1 *   Vaults:3 %

Annotations:
D:5 exclusions: 2 doors and 1 more exclusion
D:7 ghost!, Begomoth's ghost, novice GrEE
D:11 1 transporter
Lair:4 exclusion: 4 oklob plants
Lair:6 1 runed door
Spider:2 exclusion: downstairs
Elf:2 5 runed doors


Innate Abilities, Weirdness & Mutations

You do not eat or drink.
Your flesh is vulnerable to fire.
You are immune to poison.
Your flesh is cold resistant. (rC+)
You are immune to negative energy. (rN+++)
You are immune to unholy pain and torment.
You can survive without breathing.
You are in touch with the powers of death.


Message History

Confirm with . or Enter, or press ? or * to list all spells.
Aiming: Vampiric Draining
Press: ? - help, Shift-Dir - straight line, f/p - sphinx
Aim: a sphinx (almost dead)
You feel a surge of power!
You kill the sphinx!
Kikubaaqudgha accepts your kill.
You feel life coursing into your body.
You impale the ironbrand convoker!!
Lightning courses through the ironbrand convoker!
You puncture the ironbrand convoker!
The yaktaur is recalled.
The orc wizard is recalled.
The yaktaur is recalled. x2
The two-headed ogre is recalled.
The yaktaur is recalled.
The satyr is recalled.
The yaktaur barely misses you.
The yaktaur wields an arbalest.
The yaktaur shoots a bolt.
You reflect the bolt off your +1 shield of reflection!
The bolt hits the yaktaur!! 4 yaktaurs and a satyr come into view.
You closely miss the ironbrand convoker.
The ironbrand convoker barely misses you.
You block the orc wizard's attack.
The two-headed ogre hits you but does no damage.
The two-headed ogre barely misses you. The yaktaur closely misses you.
The yaktaur hits you but does no damage.
The satyr hits you but does no damage.
You bludgeon the ironbrand convoker!!
You kill the ironbrand convoker!
Kikubaaqudgha accepts your kill. The orc wizard casts a spell at you.
Your +1 shield of reflection reflects the puff of flame!
The puff of flame hits the orc wizard.
The yaktaur completely misses you.
The yaktaur shoots a bolt.
The bolt closely misses you.
The bolt hits the yaktaur!!
The two-headed ogre hits you with a giant spiked club.
The two-headed ogre hits you but does no damage.
The satyr barely misses you.
The orc wizard hits you but does no damage.
Items here: )) [[ † a dire flail; a ring mail; a dire flail of crushing; a chain mail a human corpse The two-headed ogre hits you with a giant spiked club! x2
The yaktaur unwields an uncursed arbalest.
You block the yaktaur's attack.
Things that are here:
a bolt; a giant spiked club; a giant club You open the door.
The yaktaur hits you but does no damage.
The two-headed ogre barely misses you. The two-headed ogre closely misses you.
The yaktaur wields an arbalest.
The yaktaur shoots a bolt.
The bolt hits you!
The yaktaur wields an arbalest.
The yaktaur shoots a bolt.
The bolt hits you!
The yaktaur wields an uncursed arbalest.
The yaktaur shoots a bolt.
The bolt barely misses you.
The yaktaur wields an arbalest.
The yaktaur shoots a bolt.
The bolt hits you!!
You hear a shout!
There is an open door, spattered with blood here.
You see here 2 bolts.
The yaktaur shoots a bolt.
The bolt barely misses you.
The yaktaur shoots a bolt.
The bolt hits you!!
* * * LOW HITPOINT WARNING * * *
The yaktaur shoots a bolt.
You reflect the bolt off your +1 shield of reflection!
The bolt hits the yaktaur!!
A frost giant comes into view. It is wielding a battleaxe of freezing.
Items here: ( ))))) [ Save game and exit?
Welcome back, RKaid the Mummy Necromancer.
Kikubaaqudgha says: Spread unending torment and darkness!
Press ? for a list of commands and other information.
Press: ? - help, v - describe, . - travel The floor.
Really read
z - 2 scrolls of blinking {!r}?
Blink to where?
Press: ? - help, Dir - move target cursor You are very lightly contaminated with residual magic.
As you read the scroll of blinking {!r}, it crumbles to dust.
As you read the scroll of teleportation, it crumbles to dust.
You feel strangely unstable.
A frost giant opens the large door.
As you read the scroll of fog, it crumbles to dust.
The scroll dissolves into smoke.
Your surroundings suddenly seem different.
You start resting.
Your magical contamination has completely faded away.
You start resting.
The satyr shouts!
Press: ? - help, v - describe, . - travel
Here: a satyr The floor.
Unknown command.
A stone giant comes into view.
The stone giant shouts!
Cast which spell? (? or * to list)
Aiming: Agony
Press: ? - help, Shift-Dir - straight line, f - stone giant
Aim: a stone giant (chance to defeat MR: 81%)
You feel a surge of power!
The stone giant convulses!
The stone giant throws a large rock.
The large rock hits you!!
* * * LOW HITPOINT WARNING * * *
The stone giant throws a large rock.
The large rock hits you!!
You die...
Kikubaaqudgha rasps: "You have failed me!
Welcome... oblivion!"

....................# #
....................# #
............#########
##### ............#####
#....
.......)....##..####
#...(
.........)..##..c..#
#....
........((..###.##..c..#
###..cc ###'#######.#
#(###...## #.'....
#.........#.# #.@# #.###
#.##### #.....O...#.#
##..# ###..##C#....
#.....O...#.# .C..#
....'.... #....O<...#.#
##..## . #.'....
#.........#.# ..##
#.#..>. #.........#.#
.## #.(.§ #.........#.#
. #...§ #......)))#.# ..
#...§ ########'##.#
#####


You could see a stone giant.

Vanquished Creatures
  Rupert (D:13)
  A deep elf blademaster (Elf:3)
  The ghost of Gaplan the Executioner, an adept MiBe of Trog (Spider:4)
  A sphinx (Vaults:3)
  A sphinx (shapeshifter) (Vaults:2)
  A thorn hunter (Swamp:4)
  A fire giant (Vaults:3)
  Donald (Swamp:4)
  A deep elf sorcerer (Elf:3)
  9 emperor scorpions
  3 very ugly things
  4 ghost moths (Spider:3)
  Aizul (Swamp:1)
  7 vault wardens
  3 ironheart preservers
  2 deep elf elementalists (Elf:2)
  2 entropy weavers
  3 stone giants
  The ghost of destino the Destroyer, a journeyman DrCj of Vehumet (Orc:2)
  A deep elf demonologist (Elf:2)
  7 deep elf annihilators
  A spark wasp (Spider:3)
  A dire elephant (D:15)
  Azrael (Spider:1)
  4 deep elf death magi
  A crystal guardian (Vaults:3)
  2 fire dragons
  A deep elf high priest (Elf:1)
  5 vault guards (D:13)
  4 yaktaur captains (Vaults:2)
  5 ice dragons
  9 hydras
  A death knight (Vaults:2)
  7 centaur warriors
  10 death yaks
  17 two-headed ogres
  6 ogre magi
  A deep troll earth mage (D:13)
  7 dancing weapons
  9 alligators
  A queen ant (Lair:5)
  3 tengu warriors
  A shock serpent (shapeshifter) (Vaults:1)
  Urug (Lair:4)
  Sonja (Lair:4)
  2 small abominations (Elf:1)
  19 deep elf knights
  3 deep trolls
  3 unseen horrors
  2 flayed ghosts
  6 swamp dragons
  9 harpies (Vaults:1)
  11 deep elf archers
  2 shambling mangroves
  2 wizards
  8 ironbrand convokers
  Pikel (D:5)
  2 wolf spider zombies (D:15)
  25 wolf spiders
  14 orb spiders
  17 orc knights
  A stone giant zombie (Vaults:3)
  7 orc sorcerers
  45 deep elf magi
  A fire giant zombie (Vaults:3)
  4 necromancers
  5 manticores
  2 cyclopes
  24 ugly things
  6 elephants (Lair:6)
  16 black mambas
  15 spiny frogs
  A torpor snail (Lair:6)
  14 vault sentinels
  A fire giant skeleton (Vaults:3)
  4 gargoyles
  8 demonic crawlers
  2 orc skeletons (Vaults:1)
  13 yaktaurs
  3 freezing wraiths
  A komodo dragon (shapeshifter) (Elf:1)
  8 komodo dragons
  A meliai (Spider:4)
  A tengu conjurer (D:14)
  A wind drake (shapeshifter) (D:13)
  21 jumping spiders
  9 trolls
  12 polar bears
  5 blink frogs
  14 hornets
  29 slime creatures
  10 bog bodies
  7 tyrant leeches
  11 hippogriffs
  A human simulacrum (Vaults:3)
  2 raiju (Lair:6)
  3 spriggans (shapeshifter)
  3 water elementals
  4 shadows
  2 air elementals (Elf:2)
  75 redbacks
  3 vampires
  18 tarantellas
  11 wyverns
  A human (D:11)
  5 spriggans
  3 hogs (D:11)
  3 basilisks
  A fire bat (shapeshifter) (Vaults:2)
  5 fire elementals
  5 wraiths
  47 yaks
  2 hungry ghosts
  13 swamp worms
  24 vampire mosquitoes
  5 acid dragons
  16 soldier ants
  7 insubstantial wisps
  15 wargs
  A naga (shapeshifter) (Vaults:1)
  11 hell hounds
  A swamp worm (shapeshifter) (Elf:3)
  25 water moccasins
  8 porcupines
  Duvessa (D:4)
  52 orc warriors
  10 swamp drakes
  14 ice beasts
  A slave (D:5)
  3 phantoms
  2 sky beasts
  33 ogres
  9 black bears (Lair:6)
  9 boggarts
  10 centaurs
  A centaur (shapeshifter) (Vaults:3)
  25 wolves
  11 crocodiles
  5 big kobolds
  2 human zombies (Vaults:3)
  A gnoll sergeant (D:12)
  2 yaktaur zombies
  16 bullfrogs
  4 human skeletons
  2 earth elementals (Elf:1)
  Dowan (D:4)
  6 jellies
  4 scorpions
  A water moccasin skeleton (D:9)
  10 killer bees
  8 wights
  2 howler monkeys
  8 electric eels
  8 crimson imps
  5 centaur zombies
  3 bullfrog zombies (D:12)
  4 hounds
  14 orc priests
  5 bullfrog skeletons
  22 orc wizards
  4 centaur skeletons
  Jessica (D:3)
  Ijyb (D:3)
  3 iguanas
  27 worker ants
  A killer bee zombie (D:10)
  2 hound skeletons
  A worker ant zombie (D:9)
  12 adders
  12 gnolls
  2 shadow imps
  An ooze (D:5)
  2 adder zombies (D:6)
  2 adder skeletons
  2 worms
  2 dart slugs
  A leopard gecko (D:3)
  121 orcs
  5 giant cockroaches
  5 goblins
  11 hobgoblins
  15 jackals
  9 kobolds
  6 quokkas
  7 bats
  A frilled lizard (D:4)
  A jackal zombie (D:8)
  A quokka skeleton (D:7)
  2 rats
  4 fungi (D:13)
  2 plants
1479 creatures vanquished.

Vanquished Creatures (collateral kills)
  Agnes (Elf:2)
  A shadow dragon (Vaults:3)
  2 ironheart preservers
  2 entropy weavers
  A deep elf demonologist (Elf:3)
  A deep elf annihilator (Elf:3)
  A deep elf death mage (Elf:3)
  A yaktaur captain (Vaults:2)
  An ice dragon (Vaults:3)
  14 hydras
  2 ogre magi (Vaults:2)
  2 death yaks
  3 two-headed ogres
  2 alligators
  An orc high priest (Orc:2)
  A spriggan berserker (Swamp:4)
  A flayed ghost (Vaults:2)
  9 swamp dragons
  A shambling mangrove (Swamp:4)
  A harpy (Vaults:1)
  2 ironbrand convokers
  An orc knight (Orc:2)
  2 deep elf archers
  2 orb spiders (Spider:2)
  6 wolf spiders
  2 deep elf magi (Elf:1)
  A tengu skeleton (Vaults:2)
  7 slime creatures
  3 ugly things
  A salamander (D:15)
  A manticore (D:15)
  A frost giant skeleton (Vaults:2)
  A guardian serpent (Lair:6)
  7 elephants
  A torpor snail (Spider:2)
  3 black mambas (Lair:6)
  A vault sentinel (Vaults:3)
  6 spiny frogs
  A centaur skeleton (D:13)
  7 komodo dragons
  3 yaktaurs
  6 demonic crawlers
  10 jumping spiders
  2 meliai (Spider:4)
  A hornet (Swamp:4)
  A bog body (Swamp:4)
  4 hippogriffs
  27 redbacks
  A shadow (Swamp:4)
  11 tarantellas
  11 yaks
  A water elemental (D:13)
  4 wyverns
  A fire elemental (Spider:1)
  3 basilisks
  2 wargs (Orc:2)
  A human simulacrum (Vaults:2)
  6 soldier ants (Lair:5)
  A swamp worm (shapeshifter) (Vaults:2)
  3 insubstantial wisps (Swamp:4)
  2 swamp worms (Swamp:4)
  13 water moccasins
  8 hell hounds
  A porcupine (Lair:1)
  4 swamp drakes (Swamp:4)
  An ice beast (D:8)
  5 orc warriors
  2 black bears (Lair:6)
  An ettin simulacrum (Vaults:2)
  A centaur (D:9)
  4 wolves
  7 ogres
  Blork the orc (D:5)
  2 crocodiles
  3 bullfrogs
  A gnoll sergeant (D:12)
  An earth elemental (Elf:1)
  3 killer bees (D:9)
  A hound (D:9)
  An orc priest (Orc:2)
  4 orc wizards
  3 worker ants (Lair:5)
  A hound skeleton (D:9)
  3 adders
  A shadow imp (D:5)
  A dart slug (D:2)
  15 orcs
  4 fungi
  7 plants
304 creatures vanquished.

Vanquished Creatures (others)
  A yaktaur captain (Vaults:3)
  A centaur warrior (Vaults:2)
  A deep elf knight (Elf:2)
  6 deep elf archers (Elf:2)
  4 deep elf magi
  A cyclops (Vaults:2)
  3 yaktaurs
  2 demonic crawlers (Spider:4)
  A jumping spider (Spider:1)
  Prince Ribbit (D:5)
  A soldier ant (shapeshifter) (Elf:2)
  An ogre (Vaults:3)
  An adder (D:5)
  3 bushes (Lair:6)
  26 fungi
  45 plants
98 creatures vanquished.

Grand Total: 1881 creatures vanquished

Notes
Turn   | Place    | Note
-------+----------+-------------------------------------------
     0 | D:1      | RKaid the Mummy Necromancer began the quest for the Orb.
     0 | D:1      | Reached XP level 1. HP: 13/13 MP: 4/4
    25 | D:1      | Learned a level 1 spell: Animate Skeleton
   338 | D:1      | Reached XP level 2. HP: 19/19 MP: 2/5
  1049 | D:2      | Reached skill level 3 in Spellcasting
  1238 | D:2      | Reached XP level 3. HP: 25/25 MP: 3/7
  1248 | D:2      | Reached skill level 1 in Fighting
  1380 | D:2      | Reached skill level 5 in Necromancy
  1404 | D:2      | Reached XP level 4. HP: 29/32 MP: 0/9
  2104 | D:3      | Found a sparkling altar of Nemelex Xobeh.
  2323 | D:3      | Reached skill level 4 in Spellcasting
  2355 | D:3      | Noticed Jessica
  2373 | D:3      | Learned a level 3 spell: Vampiric Draining
  2378 | D:3      | Learned a level 4 spell: Control Undead
  2393 | D:3      | Killed Jessica
  2427 | D:3      | Identified Jessica's Disquisition on Augmentations
  2471 | D:3      | Reached XP level 5. HP: 37/37 MP: 8/11
  2685 | D:3      | Noticed Ijyb
  2694 | D:3      | Killed Ijyb
  3197 | D:4      | Reached skill level 2 in Fighting
  3387 | D:4      | Noticed an ogre
  3764 | D:4      | Noticed an ogre
  3834 | D:3      | Learned a level 4 spell: Animate Dead
  3943 | D:4      | Killed an ogre
  3943 | D:4      | Reached skill level 6 in Necromancy
  3943 | D:4      | Reached XP level 6. HP: 23/45 MP: 3/13
  4393 | D:4      | Reached skill level 5 in Spellcasting
  4871 | D:4      | Reached skill level 3 in Fighting
  4871 | D:4      | Reached XP level 7. HP: 52/52 MP: 10/15
  4995 | D:5      | Entered Level 5 of the Dungeon
  5196 | D:5      | Got a dazzling mace
  5360 | D:5      | Noticed Blork the orc
  5444 | D:5      | Reached skill level 7 in Necromancy
  5793 | D:5      | Reached skill level 6 in Spellcasting
  5833 | D:5      | Noticed Pikel
  5923 | D:5      | Noticed Duvessa
  5923 | D:5      | Noticed Dowan
  5923 | D:5      | Noticed Prince Ribbit
  5933 | D:4      | Killed Dowan
  5937 | D:4      | Killed Duvessa
  5937 | D:4      | Reached skill level 4 in Fighting
  5937 | D:4      | Reached XP level 8. HP: 47/60 MP: 8/17
  6074 | D:5      | Killed Pikel
  6074 | D:5      | Reached skill level 2 in Dodging
  6074 | D:5      | Reached skill level 8 in Necromancy
  6406 | D:5      | Killed Prince Ribbit
  6544 | D:5      | Identified the cursed +2 mace "Nadisch" {crush, MR++ MP+9} (You found it on level 5 of the Dungeon)
  6607 | D:5      | Reached skill level 5 in Fighting
  6607 | D:5      | Reached skill level 3 in Dodging
  6676 | D:5      | Killed Blork the orc
  6770 | D:5      | Reached skill level 9 in Necromancy
  7114 | D:6      | Found a staircase to the Ecumenical Temple.
  7127 | Temple   | Entered the Ecumenical Temple
  7325 | Temple   | Became a worshipper of Kikubaaqudgha
  7460 | D:6      | Found a bloodstained altar of Trog.
  7517 | D:6      | Reached XP level 9. HP: 68/68 MP: 18/18
  7766 | D:6      | Found a white marble altar of Elyvilon.
  8075 | D:7      | Found Eqixt's Antique Armour Shop.
  8078 | D:7      | RKaid: ??lear's hauberk
  8078 | D:7      | beem: lear's hauberk[1/1]: +27 chain mail that prevents you from wearing any other armour except cloaks and shields. Slots it takes are considered covered for the purposes of Ashenzari.
  8078 | D:7      | Bought a glowing helmet for 202 gold pieces
  8158 | D:7      | Found a radiant altar of Vehumet.
  8163 | D:7      | Found a glowing silver altar of Zin.
  8166 | D:7      | Found a shadowy altar of Dithmenos.
  8562 | D:7      | Noticed Begomoth's ghost (novice GrEE)
  8777 | D:7      | Reached skill level 6 in Fighting
  9046 | D:7      | Reached skill level 4 in Dodging
  9046 | D:7      | Reached skill level 10 in Necromancy
  9265 | D:8      | Reached skill level 1 in Evocations
  9429 | D:8      | Reached * piety under Kikubaaqudgha
  9429 | D:8      | Identified Kikubaaqudgha's Incunabulum of Darkness (Kikubaaqudgha gifted it to you on level 8 of the Dungeon)
  9429 | D:8      | Received a gift from Kikubaaqudgha
  9567 | D:8      | Found a staircase to the Lair.
  9696 | D:8      | Reached skill level 2 in Evocations
  9701 | D:8      | Found a deep blue altar of Sif Muna.
 10125 | D:7      | Reached skill level 7 in Fighting
 10365 | D:8      | Reached XP level 10. HP: 79/79 MP: 19/19
 10442 | D:8      | Reached ** piety under Kikubaaqudgha
 10510 | D:8      | Reached skill level 11 in Necromancy
 10914 | D:8      | Noticed a two-headed ogre
 11152 | D:9      | Got a bound glass ring
 11363 | D:9      | Found a blossoming altar of Fedhas.
 11423 | D:9      | Found a glowing golden altar of the Shining One.
 11555 | D:9      | Reached skill level 3 in Evocations
 12052 | D:9      | Found a deep blue altar of Sif Muna.
 12177 | D:9      | Reached skill level 1 in Maces & Flails
 12526 | D:10     | Entered Level 10 of the Dungeon
 12526 | D:10     | Noticed a two-headed ogre
 12572 | D:9      | RKaid: @??unseen horror
 12572 | D:9      | beem: unseen horror (x)
                  | Spd:
    30 | HD: 7    | HP: 32-47
                  | AC/EV: 5/10
                  | Dam: 12
                  | see invisible
                  | Res: magic(20)
                  | XP:
   735 | Sz: Medium | Int: animal.
 12577 | D:9      | HP: 16/80 [something (6)]
 12578 | D:9      | HP: 7/80 [something (9)]
 13008 | D:7      | Bought a buckler for 121 gold pieces
 13013 | D:7      | Bought a dyed leather armour for 135 gold pieces
 13237 | D:8      | Killed a two-headed ogre
 13237 | D:8      | Reached skill level 8 in Fighting
 13237 | D:8      | Reached skill level 1 in Shields
 13308 | Lair:1   | Entered Level 1 of the Lair of Beasts
 13659 | Lair:1   | Reached skill level 2 in Shields
 13659 | Lair:1   | Reached skill level 7 in Spellcasting
 13826 | Lair:1   | Noticed a spiny frog
 13834 | Lair:1   | Killed a spiny frog
 14189 | Lair:1   | Reached skill level 3 in Shields
 14271 | Lair:1   | Reached skill level 2 in Maces & Flails
 14287 | Lair:1   | Reached XP level 11. HP: 68/87 MP: 17/22
 14457 | Lair:1   | Reached *** piety under Kikubaaqudgha
 14457 | Lair:1   | Identified Kikubaaqudgha's Catalogue of Evil Magic (Kikubaaqudgha gifted it to you on level 1 of the Lair of Beasts)
 14457 | Lair:1   | Received a gift from Kikubaaqudgha
 14467 | Lair:1   | Learned a level 5 spell: Agony
 14473 | Lair:1   | Learned a level 5 spell: Dispel Undead
 14634 | Lair:1   | Reached skill level 9 in Fighting
 15058 | Lair:1   | Noticed a four-headed hydra
 15071 | Lair:1   | Killed a four-headed hydra
 15071 | Lair:1   | Reached skill level 3 in Maces & Flails
 15071 | Lair:1   | Reached skill level 4 in Shields
 15807 | Lair:2   | Reached skill level 8 in Spellcasting
 15820 | Lair:2   | Noticed a four-headed hydra
 15834 | Lair:2   | Killed a four-headed hydra
 15936 | Lair:2   | Reached skill level 4 in Maces & Flails
 16011 | Lair:2   | Found a staircase to the Swamp.
 16805 | Lair:3   | Noticed a five-headed hydra
 16829 | Lair:3   | Killed a five-headed hydra
 16944 | Lair:3   | Reached skill level 10 in Fighting
 16946 | Lair:3   | Reached skill level 9 in Spellcasting
 17039 | Lair:3   | Identified the ring of the Evening {rPois Str+3 Dex-3 Slay+4} (You found it on level 9 of the Dungeon)
 17260 | Lair:3   | Reached skill level 5 in Maces & Flails
 17656 | Lair:3   | Reached XP level 12. HP: 97/97 MP: 25/25
 18099 | Lair:3   | Reached **** piety under Kikubaaqudgha
 18464 | Lair:3   | Found a hole to the Spider Nest.
 19013 | Lair:4   | Reached skill level 10 in Spellcasting
 19224 | Lair:4   | Noticed Sonja
 19227 | Lair:4   | Killed Sonja
 19304 | Lair:4   | Reached skill level 5 in Shields
 19474 | Lair:4   | Noticed a four-headed hydra
 19475 | Lair:4   | Reached skill level 11 in Fighting
 19481 | Lair:4   | Killed a four-headed hydra
 19610 | Lair:4   | Noticed Urug
 19631 | Lair:4   | Killed Urug
 20431 | Lair:5   | Noticed a seven-headed hydra
 20560 | Lair:5   | Reached skill level 12 in Necromancy
 20812 | Lair:5   | Killed a seven-headed hydra
 20970 | Lair:5   | Reached skill level 12 in Fighting
 21118 | Lair:5   | Noticed an ice dragon
 21136 | Lair:5   | Killed an ice dragon
 21333 | Lair:5   | Got a smoking morningstar
 21340 | Lair:5   | Identified the +8 morningstar "Sishrut" {elec, MR+} (You found it on level 5 of the Lair of Beasts)
 21372 | Lair:5   | Noticed an entropy weaver
 21395 | Lair:5   | HP: 24/102 [entropy weaver/war axe (12)]
 21396 | Lair:5   | Killed an entropy weaver
 21744 | Lair:5   | Noticed an entropy weaver
 21855 | Lair:5   | Gained mutation: You are in touch with the powers of death. [Mummy growth]
 21855 | Lair:5   | Reached XP level 13. HP: 108/108 MP: 19/27
 22420 | Lair:5   | HP: 12/109 [entropy weaver/long sword (20)]
 22802 | Lair:6   | Entered Level 6 of the Lair of Beasts
 23094 | Lair:5   | Reached skill level 6 in Maces & Flails
 23126 | Lair:5   | Killed an entropy weaver
 23471 | Lair:6   | Reached skill level 13 in Necromancy
 23696 | Lair:6   | Reached skill level 13 in Fighting
 23752 | Lair:6   | Reached ***** piety under Kikubaaqudgha
 23850 | Lair:6   | Reached skill level 7 in Maces & Flails
 24166 | Lair:6   | Found a runed door.
 24167 | Lair:6   | Found a viscous altar of Jiyva.
 24169 | Lair:6   | Found a staircase to the Slime Pits.
 24957 | Lair:6   | Reached XP level 14. HP: 86/118 MP: 22/28
 25329 | Lair:6   | Identified a scroll of acquirement
 25845 | Lair:6   | Identified a +1 pair of boots of running (You acquired it on level 6 of the Lair of Beasts)
 25850 | Lair:6   | RKaid: !ac 7
 25850 | Lair:6   | beem: 3.14 armour skill per 1 AC for 7 base AC
 25911 | Lair:6   | Reached skill level 14 in Necromancy
 26111 | Lair:6   | Reached skill level 8 in Maces & Flails
 26207 | Lair:6   | HP: 25/119 [polar bear (5)]
 26210 | Lair:6   | HP: 8/119 [polar bear (17)]
 26627 | Lair:5   | Reached skill level 14 in Fighting
 26775 | Lair:5   | Reached skill level 1 in Armour
 27223 | Lair:5   | Reached skill level 2 in Armour
 27346 | Lair:5   | Reached ****** piety under Kikubaaqudgha
 27759 | Lair:6   | Reached skill level 5 in Dodging
 27824 | Lair:6   | Reached skill level 3 in Armour
 28708 | Lair:1   | Learned a level 6 spell: Simulacrum
 28708 | Lair:1   | RKaid: !ac 7
 28708 | Lair:1   | beem: 3.14 armour skill per 1 AC for 7 base AC
 28708 | Lair:1   | RKaid: !ac 70
 28708 | Lair:1   | beem: 0.31 armour skill per 1 AC for 70 base AC
 29641 | D:11     | Found a transporter.
 29644 | D:11     | Found a corrupted altar of Lugonu.
 29902 | D:11     | Reached skill level 4 in Armour
 30225 | D:11     | Reached skill level 6 in Dodging
 30227 | D:11     | Found a roughly hewn altar of Beogh.
 30910 | D:12     | Found a staircase to the Orcish Mines.
 31546 | D:13     | Noticed Rupert
 31585 | D:13     | Killed Rupert
 31585 | D:13     | Reached XP level 15. HP: 81/127 MP: 4/29
 32277 | D:13     | Reached skill level 5 in Armour
 32279 | D:13     | RKaid: !ac 7
 32279 | D:13     | beem: 3.14 armour skill per 1 AC for 7 base AC
 32659 | D:13     | Reached skill level 15 in Fighting
 32693 | D:13     | Found Jauth's Antique Armour Emporium.
 33021 | D:13     | Reached skill level 7 in Dodging
 33848 | D:13     | Found a gate to the Vaults.
 34845 | D:14     | Found an iron altar of Okawaru.
 35363 | D:14     | Got a pair of spiked gloves
 35429 | D:14     | Reached skill level 6 in Armour
 35752 | D:13     | Identified the cursed +0 pair of gloves of Truth {Dex+3} (You found it on level 14 of the Dungeon)
 35940 | D:15     | Entered Level 15 of the Dungeon
 35942 | D:15     | Found a basalt altar of Yredelemnul.
 35961 | D:15     | Reached skill level 6 in Shields
 36142 | D:15     | Found a frozen archway.
 36888 | Orc:1    | Entered Level 1 of the Orcish Mines
 37294 | D:12     | Reached skill level 1 in Ice Magic
 37655 | Orc:1    | Found Jelyosk's Quality Used Wands.
 37868 | Orc:1    | Found Ykixyh Syid's Armour Shoppe.
 38257 | Orc:2    | Entered Level 2 of the Orcish Mines
 38282 | Orc:2    | Reached skill level 2 in Ice Magic
 38300 | Orc:2    | Found Lilisuj's General Store.
 38655 | Orc:2    | Noticed destino's ghost (journeyman DrCj)
 38992 | Orc:2    | Killed destino's ghost
 38992 | Orc:2    | Reached skill level 3 in Ice Magic
 39264 | Orc:2    | Found Huotiod's Food Shoppe.
 39264 | Orc:2    | Found Foez's Antique Weapon Shop.
 39285 | Orc:2    | Found a roughly hewn altar of Beogh.
 39665 | Orc:2    | Found a staircase to the Elven Halls.
 40754 | Orc:1    | Reached skill level 4 in Ice Magic
 40942 | Orc:2    | Found Ucsaegop's Food Shoppe.
 40942 | Orc:2    | Found Zasaic's Weapon Shop.
 41137 | Orc:2    | Reached skill level 7 in Shields
 41500 | Orc:2    | Bought a brightly glowing whip for 202 gold pieces
 41532 | Orc:2    | Bought a scroll of identify for 28 gold pieces
 41536 | Orc:2    | Identified the +3 whip of Naxioteppo {slash, Str+6 Stlth+} (You bought it in a shop on level 2 of the Orcish Mines)
 41606 | D:12     | Reached XP level 16. HP: 134/137 MP: 21/30
 42143 | D:15     | HP: 30/137 [eight-headed hydra (15)]
 42555 | D:14     | Found an iron altar of Okawaru.
 42804 | D:14     | Reached skill level 5 in Ice Magic
 43436 | D:15     | Found a staircase to the Depths.
 44321 | D:15     | Found Qenlupoa's General Store.
 44326 | D:15     | Bought a scroll of teleportation for 33 gold pieces
 44538 | D:15     | Reached skill level 6 in Ice Magic
 44806 | D:13     | Bought a pitted scale mail for 135 gold pieces
 44806 | D:13     | Identified the +0 scale mail of the Flute {Dex+3 SInv Stlth+} (You bought it in a shop on level 13 of the Dungeon)
 45322 | Swamp:1  | Entered Level 1 of the Swamp
 45559 | Swamp:1  | Noticed Aizul
 45581 | Swamp:1  | Killed Aizul
 46496 | Swamp:1  | Reached skill level 8 in Shields
 47649 | Swamp:2  | Reached skill level 7 in Ice Magic
 49319 | Swamp:3  | Reached skill level 15 in Necromancy
 49387 | Swamp:4  | Entered Level 4 of the Swamp
 49572 | Swamp:4  | Noticed Donald
 49584 | Swamp:4  | Killed Donald
 49960 | Swamp:4  | Noticed a thorn hunter
 49974 | Swamp:4  | Killed a thorn hunter
 49974 | Swamp:4  | Reached skill level 8 in Ice Magic
 50130 | Swamp:4  | HP: 30/137 [eight-headed hydra (11)]
 50133 | Swamp:4  | HP: 13/137 [eight-headed hydra (10)]
 50746 | Orc:2    | Bought a twisted dagger for 189 gold pieces
 50746 | Orc:2    | Identified the +6 dagger of Poverty {flame, +Fly Int+5} (You bought it in a shop on level 2 of the Orcish Mines)
 50881 | D:9      | Identified Sif Muna's Handbook of Boosts
 51084 | Swamp:4  | Reached XP level 17. HP: 129/143 MP: 16/31
 51095 | Swamp:4  | Reached skill level 9 in Shields
 52150 | Swamp:4  | Got a decaying rune of Zot
 52921 | Spider:1 | Entered Level 1 of the Spider Nest
 53300 | Spider:1 | Reached skill level 9 in Ice Magic
 53341 | Spider:1 | Noticed Azrael
 53381 | Spider:1 | Killed Azrael
 54251 | Spider:1 | Learned a level 2 spell: Blink
 54477 | Spider:1 | You fall through a shaft!
 54537 | Spider:2 | Reached skill level 1 in Translocations
 55769 | Lair:1   | Learned a level 4 spell: Cause Fear
 56059 | Spider:2 | Reached skill level 2 in Translocations
 56260 | Spider:2 | Got an encrusted plate armour
 56277 | Spider:2 | Reached skill level 1 in Hexes
 56285 | Spider:2 | Reached skill level 10 in Ice Magic
 57459 | Spider:3 | Reached skill level 2 in Hexes
 58409 | Spider:4 | Entered Level 4 of the Spider Nest
 58924 | Spider:4 | Reached skill level 3 in Hexes
 58935 | Spider:4 | Noticed Gaplan's ghost (adept MiBe)
 58944 | Spider:4 | Killed Gaplan's ghost
 59533 | Spider:3 | Reached skill level 16 in Necromancy
 59817 | Spider:3 | Reached XP level 18. HP: 142/151 MP: 30/32
 59849 | Spider:4 | Reached skill level 11 in Ice Magic
 60882 | Spider:3 | Identified the +6 plate armour of Distant Worlds {*Slow rElec rN+++ Str+5} (You found it on level 2 of the Spider Nest)
 61770 | Spider:3 | HP: 36/151 [redback (12)]
 63451 | Spider:4 | Got a gossamer rune of Zot
 63500 | Spider:4 | Reached skill level 11 in Spellcasting
 63983 | Vaults:1 | Entered Level 1 of the Vaults
 64069 | Vaults:1 | Reached skill level 10 in Shields
 64621 | Vaults:1 | Got an ancient steel ring
 64846 | Vaults:1 | Found Epsukimo's Assorted Antiques.
 64855 | Vaults:1 | Bought a pair of embroidered gloves for 195 gold pieces
 64902 | Vaults:1 | Reached skill level 12 in Ice Magic
 65363 | Vaults:1 | Identified the ring "Laqaatsi" {MR+ MP+9} (You found it on level 1 of the Vaults)
 66553 | Vaults:1 | HP: 28/151 [harpy (12)]
 66564 | Vaults:1 | HP: 24/151 [harpy (12)]
 66573 | Vaults:1 | HP: 12/151 [harpy (21)]
 67149 | Elf:1    | Entered Level 1 of the Elven Halls
 67787 | Elf:1    | Reached skill level 13 in Ice Magic
 68389 | Elf:1    | Reached XP level 19. HP: 157/157 MP: 24/34
 68403 | Elf:1    | Reached skill level 11 in Shields
 68717 | Elf:1    | Found Jeotiam's Distillery.
 70550 | Elf:2    | Noticed Agnes
 70558 | Elf:2    | Killed Agnes
 70702 | Elf:2    | HP: 39/157 [deep elf knight/stone arrow (1)]
 70703 | Elf:2    | HP: 18/157 [deep elf knight/stone arrow (21)]
 71693 | Elf:2    | Found a huge runed gate.
 71693 | Elf:2    | Found a huge runed gate.
 71693 | Elf:2    | Found a huge runed gate.
 71693 | Elf:2    | Found a huge runed gate.
 71693 | Elf:2    | Found a huge runed gate.
 71820 | Elf:2    | Found Muevive Ilixt's Book Shop.
 72037 | Elf:2    | RKaid: @??crystal guardian
 72037 | Elf:2    | beem: crystal guardian (8)
                  | Spd:
    10 | HD: 16   | HP: 51-75
                  | AC/EV: 22/0
                  | Dam: 35
                  | non-living, doors, see invisible, unbreathing
                  | Res: magic(immune), fire+++, cold+++, elec+++, poison+++, drown, rot+++, neg+++, torm
                  | XP: 1110
                  | Sp: b.crystal (3d25) [!sil]
                  | Sz: Large
                  | Int: brainless.
 72152 | Elf:3    | Entered Level 3 of the Elven Halls
 72211 | Elf:3    | Reached skill level 14 in Ice Magic
 73013 | Elf:3    | Found a deep blue altar of Sif Muna.
 73130 | Elf:3    | RKaid: @??deep elf knight
 73130 | Elf:3    | beem: deep elf knight (e)
                  | Spd:
    10 | HD: 11   | HP: 40-57
                  | AC/EV: 1/16
                  | Dam: 21
                  | weapons, items, doors, fighter, spellcaster
                  | Res: magic(80)
                  | XP: 805
                  | Sp: stone arrow (3d18), mystic blast (3d16), haste / throw icicle (3d20), haste, invisibility
                  | Sz: Medium
                  | Int: human.
 73563 | Elf:3    | HP: 5/157 [deep elf annihilator/crystal spear (71)]
 73567 | Elf:3    | RKaid: !ac 13
 73567 | Elf:3    | beem: 1.69 armour skill per 1 AC for 13 base AC
 74224 | Elf:3    | Reached skill level 4 in Evocations
 76831 | Vaults:1 | Reached skill level 7 in Armour
 78574 | Vaults:2 | Got a fine large shield
 78579 | Vaults:2 | Identified the +4 large shield of Gaqil {Str+4} (You found it on level 2 of the Vaults)
 78878 | Vaults:2 | Reached skill level 5 in Evocations
 79433 | Vaults:2 | Reached skill level 9 in Maces & Flails
 79433 | Vaults:2 | Reached skill level 8 in Dodging
 80123 | Vaults:2 | Reached XP level 20. HP: 114/164 MP: 29/35
 80327 | Vaults:1 | Bought a scroll of blinking for 195 gold pieces
 81364 | Vaults:3 | Reached skill level 16 in Fighting
 81364 | Vaults:3 | Reached skill level 8 in Armour
 81375 | Vaults:3 | HP: 34/164 [cloud of freezing vapour (12)]
 81390 | Vaults:2 | HP: 23/164 [centaur warrior/arrow (6)]
 81413 | Vaults:2 | HP: 23/164 [centaur warrior/arrow (9)]
 81853 | Vaults:2 | Reached skill level 12 in Shields
 83547 | Vaults:3 | Found Wousub's Food Emporium.
 84201 | Vaults:3 | Got a scorched hunting sling
 84203 | Vaults:3 | Identified the +7 hunting sling of Vodka {velocity, -Tele rElec rPois Str+4 Int+3} (You found it on level 3 of the Vaults)
 84425 | Vaults:3 | Noticed Mara
 84427 | Vaults:3 | Noticed RKaid's illusion
 84604 | Vaults:3 | Reached skill level 9 in Armour
 84769 | Vaults:3 | HP: 26/164 [yaktaur/bolt (24)]
 84826 | Vaults:3 | HP: 25/164 [stone giant/large rock (22)]
 84827 | Vaults:3 | Hit by a large rock thrown by a stone giant

Skill      XL: |  1  2  3  4  5  6  7  8  9 10 11 12 13 14 15 16 17 18 19 20 |
---------------+-------------------------------------------------------------+-----
Spellcasting   | 3 4 5 6 7 9 10 11 | 11.1
Fighting       | 1 2 3 4 5 7 8 10 12 13 14 15 16 | 16.0
Necromancy     | 5 6 7 9 10 11 12 13 14 15 16 | 16.7
Dodging        | 3 4 6 7 8 |  8.0
Evocations     | 2 3 5 |  5.0
Maces & Flails | 2 5 7 8 9 |  9.0
Shields        | 3 4 5 7 8 9 10 11 12 | 12.5
Armour         | 4 6 7 9 |  9.1
Ice Magic      | 4 8 10 13 14 | 14.3
Translocations | 2 |  2.0
Hexes          | 3 |  3.0
Stealth        | |  1.5

Action                   |  1- 3 |  4- 6 |  7- 9 | 10-12 | 13-15 | 16-18 | 19-21 || total
-------------------------+-------+-------+-------+-------+-------+-------+-------++-------
Melee: Unarmed           |     2 |       |       |       |       |       |       ||     2
       War axe           |       |     9 |    24 |       |       |       |       ||    33
       Mace              |       |       |    84 |   229 |       |       |       ||   313
       Morningstar       |       |       |       |     6 |  1073 |  1372 |   681 ||  3132
       Whip              |       |       |       |       |     7 |    25 |       ||    32
       Dagger            |       |       |       |       |       |    10 |    31 ||    41
       Staff             |       |       |       |       |       |       |    73 ||    73
Throw: Tomahawk          |       |       |       |     5 |       |       |       ||     5
       Javelin           |       |       |       |       |     2 |     2 |       ||     4
 Cast: Pain              |    65 |   132 |   263 |   427 |   202 |   180 |    53 ||  1322
       Animate Skeleton  |    15 |     8 |    14 |    16 |    20 |     3 |     9 ||    85
       Vampiric Draining |       |     1 |    18 |    68 |   149 |   144 |   136 ||   516
       Animate Dead      |       |       |    10 |    58 |    90 |    96 |    25 ||   279
       Control Undead    |       |       |     4 |     3 |       |       |       ||     7
       Agony             |       |       |       |    55 |   172 |   239 |   173 ||   639
       Dispel Undead     |       |       |       |       |    32 |    45 |    23 ||   100
       Blink             |       |       |       |       |       |     5 |     5 ||    10
       Simulacrum        |       |       |       |       |       |     1 |    30 ||    31
Invok: Receive Corpses   |       |       |       |     8 |    12 |    16 |    13 ||    49
       Torment           |       |       |       |       |       |       |     1 ||     1
 Abil: Evoke Flight      |       |       |       |       |       |     6 |     3 ||     9
       Stop Flying       |       |       |       |       |       |       |     1 ||     1
Evoke: Wand              |       |     3 |     5 |     7 |    12 |    44 |     7 ||    78
       Lightning rod     |       |       |       |       |       |     4 |       ||     4
  Use: Scroll            |       |     5 |    12 |    12 |    14 |    25 |    14 ||    82
 Stab: Sleeping          |       |       |     3 |     3 |     1 |     1 |       ||     8
       Distracted        |       |       |       |     1 |    10 |     6 |     5 ||    22
       Confused          |       |       |       |       |       |     4 |       ||     4
       Paralysed         |       |       |       |       |       |       |     2 ||     2
Armor: Robe              |    10 |       |       |       |       |       |       ||    10
       Ring mail         |       |     8 |       |       |       |       |       ||     8
       Leather armour    |       |       |    73 |   179 |   505 |   110 |       ||   867
       Troll leather arm |       |       |       |       |     8 |     2 |       ||    10
       Swamp dragon scal |       |       |       |       |       |    95 |       ||    95
       Quicksilver drago |       |       |       |       |       |   776 |   442 ||  1218
       Scale mail        |       |       |       |       |       |    96 |       ||    96
Dodge: Dodged            |    21 |    20 |   141 |   312 |   755 |  1143 |   457 ||  2849
Block: Buckler           |       |       |       |    66 |   199 |       |       ||   265
       Shield            |       |       |       |       |   351 |  1220 |   636 ||  2207
       Reflection        |       |       |       |       |       |    14 |    87 ||   101

Table legend:
 A = Turns spent in this place as a percentage of turns spent in the entire game.
 B = Non-inter-level travel turns spent in this place as a percentage of non-inter-level travel turns spent in the entire game.
 C = Inter-level travel turns spent in this place as a percentage of turns spent in this place.
 D = Turns resting spent in this place as a percentage of non-inter-level travel turns spent in this place.
 E = Turns spent auto-exploring this place as a percentage of non-inter-level travel turns spent in this place.
 F = Non-inter-level travel turns spent in this place divided by the number of levels of this place that you've seen.
                   A       B       C       D       E      F
               +-------+-------+-------+-------+-------+----------------------
         Total | 100.0 | 100.0 |   0.6 |   5.6 |   2.4 | 672.8
       Dungeon |  31.3 |  31.3 |   0.8 |   5.9 |   3.2 | 532.9
        Temple |   0.1 |   0.1 |   9.1 |   0.0 |  90.0 |  20.0
          Lair |  18.8 |  18.8 |   0.6 |   6.1 |   2.0 | 801.2
         Swamp |   7.8 |   7.8 |   0.6 |   5.7 |   2.7 | 497.8
   Spider Nest |  12.1 |  12.2 |   0.4 |   6.8 |   1.2 | 777.5
  Orcish Mines |   4.8 |   4.8 |   0.7 |   5.6 |   3.3 | 617.0
   Elven Halls |  10.2 |  10.2 |   0.2 |   4.5 |   1.8 | 869.7
        Vaults |  14.8 |  14.9 |   0.2 |   4.3 |   1.7 | 1267.3
               +-------+-------+-------+-------+-------+----------------------

Table legend:
 A = Kills in this place as a percentage of kills in entire the game.
 B = Kills by you in this place as a percentage of kills by you in the entire game.
 C = Kills by friends in this place as a percentage of kills by friends in the entire game.
 D = Other kills in this place as a percentage of other kills in the entire game.
 E = Experience gained in this place as a percentage of experience gained in the entire game.
 F = Experience gained in this place divided by the number of levels of this place that you have seen.
                   A       B       C       D       E      F
               +-------+-------+-------+-------+-------+----------------------
         Total | 100.0 | 100.0 | 100.0 | 100.0 | 100.0 | 14193.3
       Dungeon |  30.4 |  34.4 |  11.6 |   0.0 |  15.4 | 5544.1
          Lair |  19.2 |  17.1 |  31.1 |   0.0 |  15.0 | 13510.5
         Swamp |   8.4 |   7.4 |  13.7 |   0.0 |   9.9 | 13342.0
   Spider Nest |  14.4 |  12.4 |  23.9 |  21.4 |  16.6 | 22433.2
  Orcish Mines |   7.3 |   7.6 |   5.8 |   0.0 |   3.2 | 8714.5
   Elven Halls |   6.9 |   7.4 |   3.1 |  28.6 |  15.9 | 28591.7
        Vaults |  13.5 |  13.7 |  10.9 |  50.0 |  23.9 | 42938.3
               +-------+-------+-------+-------+-------+----------------------
